 Dungeon Crawl Stone Soup version 0.30-a0-743-gbfdf073431 (webtiles) character file.

Game seed: 17598531923613294835

10 browni3141 the Trooper (level 2, -1/25 HPs)
             Began as a Mummy Cinder Acolyte on Feb 7, 2023.
             Was a High Priest of Ignis.
             Slain by a quokka (5 damage)
             ... on level 1 of the Dungeon.
             The game lasted 00:00:43 (297 turns).

browni3141 the Trooper (Mummy Cinder Acolyte)        Turns: 297, Time: 00:00:43

Health: -1/25      AC:  2    Str: 17    XL:     2   Next: 10%
Magic:  4/4        EV: 11    Int: 13    God:    Ignis [*****.]
Gold:   5          SH:  0    Dex:  7    Spells: 3/3 levels left

rFire   . . .      SeeInvis .    f - +0 club
rCold   + . .      Faith    +    (no shield)
rNeg    + + +      Spirit   .    b - +0 robe
rPois   ∞          Reflect  .    (no helmet)
rElec   .          Harm     .    (no cloak)
rCorr   .          Rampage  .    (no gloves)
Will    .....                    (no boots)
Stlth   +                        (no amulet)
HPRegen 0.24/turn                (no ring)
MPRegen 0.09/turn                (no ring)

@: no status effects
A: cold resistance 1, negative energy resistance 3, torment resistance 2, heat
vulnerability 1, no potions, faith
a: Renounce Religion, Fiery Armour, Foxfire Swarm, Rising Flame


You were on level 1 of the Dungeon.
You worshipped Ignis.
Ignis was extremely pleased with you.
You visited 1 branch of the dungeon, and saw 1 of its levels.

You collected 5 gold pieces.

Inventory:

Hand Weapons
 a - a -1 hand axe of flaming
 c - a +0 hand axe
 f - a +0 club (weapon)
Armour
 b - a +0 robe (worn)
Scrolls
 d - a scroll of enchant weapon {unknown}
 e - a scroll of enchant armour {unknown}


   Skills:
 + Level 3.6 Fighting
 - Level 2.4 Axes
 - Level 1.3 Spellcasting
 - Level 2.4 Fire Magic


You had 3 spell levels left.
You didn't know any spells.
Your spell library contained the following spells:

 Spells                   Type           Power      Damage    Failure   Level
 Scorch                   Fire           14%        2d6       16%         2


Dungeon Overview and Level Annotations

Branches:
Dungeon (1/15)

Altars:


Innate Abilities, Weirdness & Mutations

You are immune to poison.
Your flesh is cold resistant. (rC+)
You are immune to negative energy. (rN+++)
You are immune to unholy pain and torment.
You are vulnerable to heat. (rF-)
You do not drink.
You have a special connection with the divine. (Faith)


Message History

The jackal bites you but does no damage.
The jackal barely misses you.
You hit the jackal.
The jackal is almost dead.
The jackal bites you.
You closely miss the jackal.
The jackal is almost dead.
The jackal bites you. The jackal closely misses you.
You closely miss the jackal.
The jackal is almost dead.
The jackal bites you but does no damage.
The jackal closely misses you.
You hit the jackal but do no damage.
The jackal is almost dead.
The jackal bites you. The jackal closely misses you.
You barely miss the jackal.
The jackal is severely wounded.
The jackal barely misses you.
You hit the jackal.
The jackal is almost dead.
The jackal misses you. The jackal bites you.
* * * LOW HITPOINT WARNING * * *
You closely miss the jackal.
The jackal is almost dead.
The jackal closely misses you. The jackal misses you.
You hit the jackal.
You kill the jackal!
Things that are here:
a jackal corpse; a jackal corpse You start resting.
A quokka comes into view.
You closely miss the quokka.
The quokka bites you but does no damage.
You closely miss the quokka. The quokka bites you. x2
* * * LOW HITPOINT WARNING * * *
You closely miss the quokka. The quokka bites you.
* * * LOW HITPOINT WARNING * * *
You closely miss the quokka. The quokka closely misses you.
The quokka bites you.
You die...

.###. .. #### .##
...###... ##.#...#
......# ##...#
.....####### ###
...........#######...##
##......##.....†@r(...#
#..#.##.###############
#.##..# .. #.###.# #
..# #.### ### #...# #
##..# # #.##
..####.######


You could see a quokka.

Vanquished Creatures
  A goblin (D:1)
  A hobgoblin (D:1)
  4 jackals (D:1)
  A bat (D:1)
  A frilled lizard (D:1)
  A rat (D:1)
9 creatures vanquished.

Notes
Turn   | Place    | Note
-------+----------+-------------------------------------------
     0 | D:1      | browni3141 the Mummy Cinder Acolyte began the quest for the
                  | Orb.
     0 | D:1      | Reached XP level 1. HP: 18/18 MP: 2/2
   274 | D:1      | Reached XP level 2. HP: 10/24 MP: 4/4
   297 | D:1      | Slain by a quokka

Illustrated notes

Levels and vault maps discovered:
D:1:      ncdulo_smallfort, layout_rooms

Action                     || total
---------------------------++-------
  Melee: Hand axe          ||    33
         Club              ||    23
         Punch             ||     1
 Armour: Robe              ||    18
  Dodge: Dodged            ||    40

Table legend: (Time is in decaauts)
 A = Elapsed time spent in this place.
 B = Non-inter-level travel time spent in this place.
 C = Inter-level travel time spent in this place.
 D = Time resting spent in this place.
 E = Time spent auto-exploring this place.
 F = Levels seen in this place.
 G = Mean time per level.
                   A        B        C        D        E       F      G
               +--------+--------+--------+--------+--------+-----+--------+
         Total |    307 |    285 |     22 |      8 |    177 |   1 |  307.0 |
       Dungeon |    307 |    285 |     22 |      8 |    177 |   1 |  307.0 |
               +--------+--------+--------+--------+--------+-----+--------+

Top non-repeatable levels by time:
     D:1: 307 daAuts
